 Dungeon Crawl Stone Soup version 0.17-a0-1900-g45e8110 (webtiles) character file.

141 derrpe the Charlatan (level 5, -7/37 HPs)
             Began as a Spriggan Artificer on Sept 24, 2015.
             Mangled by an orc
             ... wielding a +0 falchion
              (9 damage)
             ... on level 3 of the Dungeon.
             The game lasted 00:06:51 (3958 turns).

derrpe the Charlatan (Spriggan Artificer)           Turns: 3958, Time: 00:06:52

Health: -7/37      AC:  2    Str: 12    XL:     5   Next: 3%
Magic:  10/10      EV: 18    Int: 14    God:
Gold:   167        SH:  0    Dex: 17    Spells: 0 memorised, 4 levels left

rFire  . . .     SeeInvis +     b - +0 hunting sling
rCold  . . .     Clarity  .     j - +0 robe
rNeg   . . .     SustAt   .     (shield restricted)
rPois  .         Gourm    .     (helmet restricted)
rElec  .         Spirit   .     (no cloak)
rCorr  .         Warding  .     (gloves unavailable)
rMut   .         Stasis   .     (boots unavailable)
MR     +....                    u - amulet of faith
Stlth  ..........               (no ring)
                                p - ring of protection from magic

@: berserking, very quick, somewhat resistant to hostile enchantments, extremely
unstealthy
A: unfitting armour, see invisible, herbivore 3, speed 3, slow metabolism 2
a: no special abilities


You were on level 3 of the Dungeon.
You were not hungry.

You visited 1 branch of the dungeon, and saw 5 of its levels.

You collected 167 gold pieces.

Inventory:

Hand weapons
 a - a +2 whip of venom
 b - a +0 hunting sling (weapon)
 r - a +0 short sword of speed
Missiles
 h - 49 poisoned needles
 i - 99 stones (quivered)
 n - a throwing net
Armour
 j - a +0 robe (worn)
Jewellery
 p - a ring of protection from magic (left hand)
 u - an amulet of faith (around neck)
Magical devices
 c - a wand of flame (13)
 d - a wand of enslavement (15)
 e - a wand of random effects (15)
Scrolls
 l - a scroll of enchant armour {unknown}
 m - 4 scrolls of remove curse
 o - a scroll of recharging {unknown}
 q - 2 scrolls of random uselessness {unknown}
 s - 2 scrolls of identify {unknown}
 t - 2 scrolls of teleportation {unknown}
 v - a scroll of amnesia {unknown}
 w - a scroll of blinking {unknown}
 x - a scroll of fear {unknown}
Comestibles
 f - 5 bread rations {@e1}
 g - a royal jelly


   Skills:
 + Level 0.8 Fighting
 - Level 2.8 Short Blades
 + Level 3.1 Dodging
 + Level 4.1 Stealth
 * Level 5.8 Evocations


You had 4 spell levels left.
You didn't know any spells.

Dungeon Overview and Level Annotations

Branches:
Dungeon (5/15)
 Temple: D:4-7

Altars:


Innate Abilities, Weirdness & Mutations

You are tiny and cannot use many weapons and most armour.
You have supernaturally acute eyesight.
You are a herbivore.
You cover ground extremely quickly.
You need consume almost no food.


Message History

Drink which item? (? for menu, Esc to quit)
It was a potion of berserk rage.
A red film seems to cover your vision as you go berserk!
You feel yourself moving faster!
You feel mighty!
The orc wizard gestures at you while chanting.
The puff of frost hits you!
* * * LOW HITPOINT WARNING * * *
The orc misses you.
Unknown command.
You are too berserk!
You are too injured to fight recklessly!
You are too berserk!
Really attack while wielding your +0 hunting sling?
You clumsily bash the orc wizard.
The orc wizard is moderately wounded.
The orc closely misses you.
You completely miss the orc wizard.
The orc wizard is moderately wounded.
The orc hits you with a falchion!
You die...

####......##### #.#
..........#...##############.#
.####'#...#...#..............#
.# #[#...#...#...############
.# #.#...##'##...# .#
#.######.....## .# #.#
#####.#########
.####.##########oo.รท.....#
........).....oo@#######.#
.####.#[##.####### #.# .#
#.#.##.# #.# .# #.#.##.# #.#
.# #.#.##.# ######### #.# .#
#.#.##.# #.......# #.#
.####.#.##.# #.#####.#
#.###### .<......##.# #.# #.#
#......# ...##.####.# #.# #.#
#####.##


You could see an orc priest, an orc wizard and 2 orcs.

Vanquished Creatures
  An orc wizard (D:3)
  5 adders
  An ooze (D:2)
  A worm (D:3)
  2 giant geckos (D:1)
  3 orcs (D:3)
  3 ball pythons (D:2)
  5 bats
  3 giant cockroaches
  8 hobgoblins
  2 quokkas
  5 giant newts
  6 goblins
  6 kobolds
  8 rats
59 creatures vanquished.

Notes
Turn   | Place    | Note
--------------------------------------------------------------
     0 | D:1      | derrpe the Spriggan Artificer began the quest for the Orb.
     0 | D:1      | Reached XP level 1. HP: 9/9 MP: 4/4
   330 | D:1      | Reached XP level 2. HP: 10/14 MP: 6/6
  1514 | D:2      | Reached XP level 3. HP: 14/17 MP: 7/7
  1721 | D:2      | Reached skill level 5 in Evocations
  2004 | D:2      | Reached XP level 4. HP: 18/21 MP: 8/8
  2358 | D:3      | HP: 1/21 [orc wizard/puff of flame (8)]
  3027 | D:3      | You fall through a shaft for 2 floors!
  3027 | D:5      | Entered Level 5 of the Dungeon
  3040 | D:5      | Noticed an ogre
  3197 | D:3      | Reached XP level 5. HP: 25/25 MP: 10/10
  3958 | D:3      | Mangled by an orc

Vault maps used:
D:1:      ncdulo_smallfort
D:3:      first_bread, serial_bayou_ford_a, eino_tiny_chamber
D:4:      minmay_temple_entry_grid, serial_shops, shop, serial_bayou_lagoon_a,
          small_statue_intersection, uniq_grinder
D:5:      serial_bayou, serial_bayou_pond_d, serial_bayou_shore_a,
          serial_bayou_shore_b, serial_bayou_pond_d, serial_bayou_pond_d,
          serial_bayou_pond_e, uniq_prince_ribbit1

Action                   |  1- 3 |  4- 6 || total
-------------------------+-------+-------++-------
Melee: Short sword       |    15 |       ||    15
       Dagger            |    25 |       ||    25
       Whip              |     2 |    12 ||    14
       Hunting sling     |       |     2 ||     2
 Fire: Hunting sling     |   104 |    61 ||   165
Evoke: Wand              |     2 |       ||     2
  Use: Potion            |       |     5 ||     5
       Scroll            |       |     1 ||     1
 Stab: Sleeping          |     3 |       ||     3
